 Dungeon Crawl Stone Soup version 0.28-a0-1447-ga5a8893891 (webtiles) character file.

Game seed: 15440742665849519294

25783 herbaltea the Cleaver (level 13, -5/116 HPs)
             Began as a Naga Delver on Jan 12, 2022.
             Was an Elder of Hepliaklqana.
             Slain by an ironbound preserver (21 damage)
             ... on level 13 of the Dungeon.
             The game lasted 01:37:19 (14870 turns).

herbaltea the Cleaver (Naga Delver)                Turns: 14870, Time: 01:37:20

Health: -5/116     AC: 15    Str: 19    XL:     13   Next: 21%
Magic:  10/10      EV:  9    Int: 10    God:    Hepliaklqana [****..]
Gold:   1431       SH:  9    Dex: 17    Spells: 11/12 levels left

rFire   + . .      SeeInvis +   a - +3 war axe (vorpal)
rCold   . . .      Faith    .   K - +0 buckler
rNeg    + . .      Spirit   .   w - +2 ring mail {rF+}
rPois   +          Reflect  +   N - +0 helmet
rElec   .          Harm     .   I - +0 cloak
rCorr   .          Rampage  .   Y - +0 pair of gloves
Will    ++...                   (no barding)
Stlth   ++++......              V - amulet of reflection
HPRegen 0.29/turn               k - ring "Wasaicoa" {rN+ Will+ MP-9 Dex+3 SInv}
MPRegen 0.12/turn               l - +4 ring of protection

@: spiked, very slow
A: reduced essence, AC +4, large, see invisible, deformed body, poison
resistance, slowness 2, spit poison 1, naga tail 2
a: Spit Poison, Renounce Religion, Recall Ancestor, Ancestor Identity,
Transference, Idealise


You were on level 13 of the Dungeon.
You worshipped Hepliaklqana.
Hepliaklqana was greatly pleased with you.
You visited 3 branches of the dungeon, and saw 16 of its levels.

You collected 1626 gold pieces.
You spent 195 gold pieces at shops.

Inventory:

Hand Weapons
 a - a +3 vorpal war axe (weapon)
 b - a +0 hunting sling of flaming
 u - a +0 broad axe
 G - a +1 whip of venom
 H - a +2 hand axe of flaming
Missiles
 i - 90 poisoned darts
 m - 172 bolts
 n - 373 stones
 o - 3 boomerangs of dispersal
 M - 103 sling bullets
 R - 4 curare-tipped darts (quivered)
 W - 8 atropa-tipped darts
Armour
 w - a +2 ring mail of fire resistance (worn)
 I - a +0 cloak (worn)
 K - a +0 buckler (worn)
 N - a +0 helmet (worn)
 U - an orb of wrath
 Y - a +0 pair of gloves (worn)
Magical Staves
 E - a staff of cold
Jewellery
 k - the ring "Wasaicoa" (left hand) {rN+ Will+ MP-9 Dex+3 SInv}
   (You took it off a centaur on level 12 of the Dungeon)

   [ring of see invisible]

   Dex:       It affects your dexterity (+3).
   rN:        It protects you from negative energy.
   MP:        It affects your magic capacity (-9).
   SInv:      It lets you see invisible.
   Will:      It increases your willpower.
 l - a +4 ring of protection (right hand)
 r - a ring of resist corrosion
 Q - a +4 ring of evasion
 V - an amulet of reflection (around neck)
 Z - a ring of willpower
Wands
 g - a wand of digging (9)
 j - a wand of mindburst (16)
 A - a wand of flame (15)
 J - a wand of charming (3)
 X - a wand of iceblast (3)
Scrolls
 c - 4 scrolls of fog
 d - 2 scrolls of magic mapping
 e - 2 scrolls of fear
 h - a scroll of vulnerability
 q - 3 scrolls of enchant weapon {unknown}
 t - 3 scrolls of blinking {unknown}
 v - a scroll of noise {unknown}
 y - 2 scrolls of immolation
 D - 4 scrolls of teleportation {unknown}
 L - a scroll of summoning {unknown}
 T - 3 scrolls of enchant armour {unknown}
Potions
 f - a potion of brilliance {unknown}
 p - a potion of berserk rage
 s - a potion of ambrosia {unknown}
 x - 2 potions of flight
 z - a potion of magic {unknown}
 B - 2 potions of attraction {unknown}
 C - 2 potions of curing {unknown}
 F - 2 potions of resistance {unknown}
 O - 2 potions of mutation {unknown}
 S - 4 potions of might
Miscellaneous
 P - a piece from Xom's chessboard (15/15)


   Skills:
 + Level 12.1 Fighting
 - Level 14.0 Axes
 - Level 3.0 Dodging
 - Level 12.0 Stealth
 * Level 0.8 Shields
 * Level 8.1 Invocations
 * Level 7.4 Evocations


You had 11 spell levels left.
You knew the following spells:

 Your Spells              Type           Power      Damage    Failure   Level
b - Apportation           Tloc           0%         N/A       63%         1

Your spell library contained the following spells:

 Spells                   Type           Power      Damage    Failure   Level
 Shock                    Conj/Air       0%         1d3       63%         1
 Blink                    Tloc           0%         N/A       77%         2
 Gell's Gravitas          Tloc           0%         N/A       94%         3
 Lesser Beckoning         Tloc           0%         N/A       94%         3
 Swiftness                Air            0%         N/A       94%         3
 Teleport Other           Tloc           0%         N/A       94%         3
 Tukima's Dance           Hex            0%         N/A       94%         3
 Airstrike                Air            0%         N/A       100%        4
 Anguish                  Hex/Necr       0%         N/A       100%        4
 Alistair's Intoxication  Tmut/Pois      0%         N/A       100%        5
 Fireball                 Conj/Fire      0%         3d3       100%        5
 Iskenderun's Battlesphe  Conj           0%         2d6       100%        5
 Manifold Assault         Tloc           0%         N/A       100%        5
 Conjure Ball Lightning   Conj/Air       0%         3x3d6     100%        6
 Dispersal                Tloc           0%         N/A       100%        6
 Enfeeble                 Hex            0%         N/A       100%        7
 Malign Gateway           Summ/Tloc      0%         N/A       100%        7
 Orb of Destruction       Conj           0%         N/A       100%        7
 Summon Horrible Things   Summ           0%         N/A       100%        8


Dungeon Overview and Level Annotations

Branches:
Dungeon (14/15)            Temple (1/1) D:4            Lair (0/6) D:8
    Orc (1/2) D:10         Vaults (0/5) D:13

Altars:
Ashenzari
Cheibriados
Dithmenos
Elyvilon
Fedhas
Gozag
Hepliaklqana
Kikubaaqudgha
Makhleb
Nemelex Xobeh
Okawaru
Qazlal
Ru
Sif Muna
Trog
Uskayaw
Vehumet
Wu Jian
Xom
Yredelemnul
Zin
The Shining One

Shops:
D:7 (   D:10 [

Annotations:
D:3 exclusion: phantom


Innate Abilities, Weirdness & Mutations

Your life essence is reduced to manifest your ancestor. (-10% HP)
Your serpentine skin is tough. (AC +4)
You have supernaturally acute eyesight. (SInv)
Armour fits poorly on your strangely shaped body.
Your system is resistant to poisons. (rPois)
You cover ground very slowly.
You can spit poison.
You can use your snake-like lower body to constrict enemies.


Message History

The manticore closely misses you. The manticore claws you.
Unknown command.
You slash the manticore!
The manticore is moderately wounded.
You slash the ironbound preserver! You constrict the manticore.
Ssslither casts a spell at the black bear.
The stone arrow hits the ironbound preserver!
The ironbound preserver hits you with a +0 flail!
The manticore bites you! The manticore claws you.
The manticore closely misses you.
Aiming: Charm
Press: ? - help, Shift-Dir - straight line, f - ironbound preserver
Aim: an ironbound preserver, wielding a +0 flail and wearing a +0 ring mail (moderately wounded, chance to affect: 50%)
The ironbound preserver resists with some effort.
You constrict the manticore!
Ssslither hits the manticore with a +0 quarterstaff!
The ironbound preserver hits you with a +0 flail!
* * * LOW HITPOINT WARNING * * *
The manticore bites you.
* * * LOW HITPOINT WARNING * * *
The manticore claws you.
* * * LOW HITPOINT WARNING * * *
You block the manticore's attack.
Aiming: Charm
Press: ? - help, Shift-Dir - straight line, f/p - ironbound preserver
Aim: an ironbound preserver, wielding a +0 flail and wearing a +0 ring mail (moderately wounded, chance to affect: 50%)
The ironbound preserver resists with some effort.
You constrict the manticore!
You kill the manticore!
Ssslither hits the black bear with a +0 quarterstaff!!
You block the ironbound preserver's attack.
Aiming: Charm
Press: ? - help, Shift-Dir - straight line, f/p - ironbound preserver
Aim: an ironbound preserver, wielding a +0 flail and wearing a +0 ring mail (moderately wounded, chance to affect: 50%)
The ironbound preserver resists with some effort.
The black bear goes berserk!
Ssslither hits the black bear with a +0 quarterstaff!
The black bear dies!
The ironbound preserver hits you with a +0 flail!!
You die...

..##. ##...... #.
#....# .....##. #. ....
##.... . #.
#######..######## .##.
#∩....#..#....)# #†
#.....#..#.....# ##
#.....#..#.....# #.
#....pR..).....# #.
#....†@..'.....# #.
#######..#############.
.((....................
...................####
#######..#########.#...
#.....'|)'.....# #.#.##
# #.....'..'....)#
#.#... #.#####
#.....#..#.....# #.#..#
#.)))<#
#.....#..#.....# #†#..#


You could see the friendly Ssslither the battlemage and an ironbound preserver.

Vanquished Creatures
  Fannar (D:10)
  2 two-headed ogres
  5 centaur warriors
  2 deep elf pyromancers
  An orc knight (D:10)
  3 manticores
  An elephant (D:8)
  A guardian serpent (shapeshifter) (D:13)
  A guardian serpent (D:11)
  A komodo dragon (D:11)
  2 efreet
  A kobold demonologist (D:12)
  A troll (D:10)
  A meliai zombie (D:7)
  A vampire (D:13)
  2 shadows
  A wraith (D:13)
  Sigmund (D:2)
  6 yaks
  A wyvern (D:8)
  A basilisk (D:8)
  A hog (shapeshifter) (D:13)
  A steam dragon (D:8)
  5 humans (D:8)
  Menkaure (D:7)
  5 vampire mosquitoes
  3 wargs (D:10)
  Duvessa (D:7)
  7 orc warriors
  4 ice beasts (D:6)
  A sky beast (D:6)
  2 necrophages (D:4)
  3 ogres
  10 centaurs
  A phantom (D:6)
  2 kobold brigands
  Blork the orc (D:4)
  A wyvern zombie (D:8)
  3 bullfrogs
  A water moccasin zombie (D:6)
  A water moccasin skeleton (D:5)
  A wyvern skeleton (D:7)
  3 killer bees (D:8)
  14 wights
  5 centaur zombies
  4 hounds
  A jelly (D:5)
  A human zombie (D:4)
  8 orc priests
  Crazy Yiuf (D:7)
  3 bullfrog zombies
  A bullfrog skeleton (D:4)
  3 iguanas
  8 orc wizards
  A scorpion zombie (D:4)
  2 killer bee zombies
  4 mummies (D:4)
  Robin (D:4)
  A howler monkey zombie (D:4)
  6 gnolls
  7 adders
  2 white imps (D:5)
  2 ufetubi (D:6)
  4 worms (D:2)
  2 dart slugs
  41 orcs
  8 bats
  5 endoplasms
  18 goblins
  8 hobgoblins
  3 jackals (D:2)
  A quokka (D:8)
  7 ball pythons
  A frilled lizard (D:2)
  10 kobolds
  5 rats
282 creatures vanquished.

Vanquished Creatures (collateral kills)
  A centaur warrior (D:11)
  A two-headed ogre (D:13)
  A tengu warrior (D:13)
  Sonja (Orc:1)
  A cyclops (D:13)
  A manticore (D:12)
  An unseen horror (D:11)
  A komodo dragon (D:12)
  Prince Ribbit (D:7)
  6 yaks
  A basilisk (D:8)
  A human (D:8)
  2 vampire mosquitoes
  An acid dragon (D:10)
  An orc warrior (Orc:1)
  A black bear (shapeshifter) (D:13)
  An ogre (D:7)
  13 centaurs
  A kobold brigand (D:9)
  Dowan (D:6)
  3 wights (D:8)
  A gnoll shaman (D:6)
  5 orc priests
  3 orc wizards
  2 gnolls
  4 orcs
  A kobold (D:9)
57 creatures vanquished.

Vanquished Creatures (others)
  7 battlemagi
  An orc wizard (D:8)
  4 ancestors
12 creatures vanquished.

Grand Total: 351 creatures vanquished

Notes
Turn   | Place    | Note
-------+----------+-------------------------------------------
     0 | D:5      | herbaltea the Naga Delver began the quest for the Orb.
     0 | D:5      | Reached XP level 1. HP: 21/21 MP: 1/1
    80 | D:4      | Found a staircase to the Ecumenical Temple.
    86 | Temple   | Entered the Ecumenical Temple
   449 | D:4      | Found a sacrificial altar of Ru.
   455 | D:4      | Noticed an iguana
   471 | D:4      | Killed an iguana
   472 | D:4      | Reached XP level 2. HP: 5/28 MP: 2/2
   472 | D:4      | Reached XP level 3. HP: 7/34 MP: 3/3
   753 | D:3      | Found a shadowy altar of Dithmenos.
   842 | D:3      | Reached skill level 3 in Axes
   903 | D:3      | Reached XP level 4. HP: 42/42 MP: 4/4
  1042 | D:2      | Noticed Sigmund
  2075 | D:1      | Reached XP level 5. HP: 49/49 MP: 5/5
  2095 | D:1      | Found a faded altar of an unknown god.
  2327 | D:1      | Noticed a water moccasin
  2328 | D:1      | Noticed a black bear
  2874 | D:3      | Noticed a phantom
  3102 | D:2      | Killed Sigmund
  3103 | D:2      | Reached skill level 4 in Axes
  3103 | D:2      | Reached XP level 6. HP: 56/57 MP: 6/6
  3415 | D:4      | Found an ancient bone altar of Kikubaaqudgha.
  3427 | D:4      | Reached XP level 7. HP: 66/66 MP: 7/7
  3449 | D:4      | Reached skill level 5 in Axes
  4215 | D:4      | Reached skill level 5 in Fighting
  4215 | D:4      | Reached skill level 6 in Axes
  4215 | D:4      | Reached XP level 8. HP: 6/74 MP: 8/8
  4545 | D:4      | Found a faded altar of an unknown god.
  4545 | D:4      | Found a hazy altar of Hepliaklqana.
  4546 | D:4      | Noticed Blork the orc
  4568 | D:4      | Killed Blork the orc
  4569 | D:4      | Reached skill level 10 in Stealth
  4586 | D:4      | Became a worshipper of Hepliaklqana the Forgotten
  4786 | D:4      | Noticed Robin
  4851 | D:4      | Killed Robin
  5464 | D:5      | Reached skill level 7 in Axes
  5986 | D:5      | Found a blossoming altar of Fedhas.
  7206 | D:6      | Reached XP level 9. HP: 78/82 MP: 9/9
  7438 | D:6      | Reached skill level 8 in Axes
  8301 | D:7      | Found Fikuzop's Antique Weapon Boutique.
  8310 | D:7      | Bought a glowing war axe for 195 gold pieces
  8344 | D:7      | Reached * piety under Hepliaklqana
  8359 | D:7      | Noticed Duvessa
  8360 | D:7      | Noticed Dowan
  8374 | D:7      | HP: 3/76 [Duvessa (16)]
  8380 | D:7      | Killed Duvessa
  8401 | D:6      | Reached skill level 9 in Axes
  8879 | D:6      | Killed Dowan
  9097 | D:7      | Found a glowing golden altar of the Shining One.
  9118 | D:7      | Found a glowing silver altar of Zin.
  9133 | D:7      | Noticed Menkaure
  9138 | D:7      | Killed Menkaure
  9139 | D:7      | Reached XP level 10. HP: 28/84 MP: 10/10
  9241 | D:7      | Found a runed translucent door.
  9242 | D:7      | Noticed Crazy Yiuf
  9254 | D:7      | Killed Crazy Yiuf
  9255 | D:7      | Reached skill level 10 in Axes
  9427 | D:7      | Noticed Prince Ribbit
  9441 | D:7      | Killed Prince Ribbit
  9517 | D:8      | Found the +2 Maxwell's thermic engine {flame, freeze}
  9537 | D:8      | Noticed an elephant
  9570 | D:8      | Killed an elephant
  9595 | D:8      | Reached skill level 11 in Axes
  9642 | D:8      | Found a staircase to the Lair.
  9736 | D:8      | Found a white marble altar of Elyvilon.
 10113 | D:8      | Reached skill level 12 in Axes
 10163 | D:9      | Reached ** piety under Hepliaklqana
 10164 | D:9      | Remembered your ancestor Ssslither as a battlemage
 10191 | D:9      | Reached XP level 11. HP: 67/95 MP: 11/11
 10441 | D:9      | Found a shimmering blue altar of Sif Muna.
 10577 | D:10     | Entered Level 10 of the Dungeon
 10620 | D:10     | Noticed a manticore
 10812 | D:10     | Found Faqal's Armour Shop.
 10855 | D:10     | Reached skill level 13 in Axes
 10886 | D:10     | Found a staircase to the Orcish Mines.
 10894 | D:10     | Noticed Fannar
 11186 | D:10     | Killed Fannar
 11273 | D:10     | Noticed a two-headed ogre
 11283 | D:10     | Killed a two-headed ogre
 11284 | D:10     | Reached skill level 10 in Fighting
 11644 | D:10     | Reached *** piety under Hepliaklqana
 11692 | D:10     | Killed a manticore
 11781 | Orc:1    | Entered Level 1 of the Orcish Mines
 11800 | Orc:1    | Noticed an orc knight
 11886 | D:10     | Killed an orc knight
 12227 | Orc:1    | Reached skill level 14 in Axes
 12264 | Orc:1    | Noticed Sonja
 12279 | Orc:1    | Reached skill level 1 in Invocations
 12289 | Orc:1    | Killed Sonja
 12290 | Orc:1    | Reached skill level 1 in Evocations
 12317 | Orc:1    | Noticed an orc warlord
 12416 | D:10     | HP: 4/99 [warg[an orc warlord] (11)]
 12433 | D:10     | Reached XP level 12. HP: 33/106 MP: 13/13
 12821 | D:11     | Learned a level 1 spell: Apportation
 12968 | D:11     | Noticed a centaur warrior
 12986 | D:11     | Killed a centaur warrior
 13095 | D:11     | Identified the +1 scale mail of the Centipede {rPois rF-
                  | Str+4}
 13161 | D:11     | Identified a scroll of acquirement
 13331 | D:12     | Reached **** piety under Hepliaklqana
 13338 | D:13     | Noticed a centaur warrior
 13341 | D:13     | Noticed a centaur warrior
 13345 | D:13     | Killed a centaur warrior
 13351 | D:13     | Killed a centaur warrior
 13355 | D:13     | Reached skill level 5 in Invocations
 13769 | D:12     | Acquired 600 gold pieces
 13876 | D:12     | Noticed a two-headed ogre
 13881 | D:12     | Killed a two-headed ogre
 13882 | D:12     | Reached skill level 5 in Evocations
 13888 | D:12     | Noticed a centaur warrior
 13898 | D:12     | Killed a centaur warrior
 13913 | D:12     | Identified the ring "Wasaicoa" {rN+ Will+ MP-9 Dex+3 SInv}
 14207 | D:14     | Noticed a centaur warrior
 14209 | D:14     | Killed a centaur warrior
 14287 | D:13     | Noticed a centaur warrior
 14298 | D:13     | Killed a centaur warrior
 14368 | D:13     | Gained mutation: You can use your snake-like lower body to
                  | constrict enemies. [Naga growth]
 14368 | D:13     | Reached XP level 13. HP: 98/115 MP: 9/18
 14862 | D:13     | Found a gate to the Vaults.
 14862 | D:13     | Noticed an ironbound preserver
 14870 | D:13     | Slain by an ironbound preserver

Illustrated notes

Levels and vault maps discovered:
D:1:      onia_arrival_zoo_common, layout_basic,
          hellmonk_ecumenical_altar_zigzags, serial_glass, glass_columns_b,
          glass_columns_b, corexii_leaking_fountain
D:2:      layout_rooms, uniq_sigmund
D:3:      layout_loops_ring, nicolae_dithmenos_shadow_blocks,
          ebering_dispersal_statue_hall
D:4:      layout_basic, lemuel_mausoleum_altar_kikubaaqudgha,
          beargit_hepliaklqana_dungeon_heroes, nicolae_ru_awakened_eye,
          minmay_temple_entry_wispy, uniq_blork_the_orc, uniq_robin
D:5:      layout_basic, fedhas_altar_2, minivault_26
D:6:      layout_basic, minmay_alternating_orb
D:7:      layout_basic, mainiacjoe_overflow_large_starburst, serial_shops,
          nicolae_shop_stone, uniq_prince_ribbit1, uniq_crazy_yiuf_cottage,
          uniq_menkaure, uniq_duvessa
D:8:      layout_cave_pools, elyvilon_altar_4, david_lair_generic,
          hellmonk_bongcloud_opening, minmay_misc_feat_iff, minmay_ruffians
D:9:      layout_roguey, mainiacjoe_overflow_alcove_1,
          hangedman_decor_diamond_cutter, lemuel_flamethrower_1
D:10:     layout_basic, orc_david_3, uniq_fannar
D:11:     layout_irregular_city, minmay_misc_feat_five,
          nrook_guardian_serpent_ordinary
D:12:     layout_layer_cave
D:13:     layout_basic, skrybe_vaults_entry_preservation, uniq_urug
D:14:     minmay_the_grid_octo_tiled_squarecenter_mashed
          [minmay_the_grid_octo_toaster, minmay_the_grid_octo_pinwheel,
          minmay_the_grid_octo_focus, minmay_the_grid_octo_fan_narrow,
          minmay_the_grid_square_5x5_megaprize_hollow,
          minmay_the_grid_square_5x5_misaligned,
          minmay_the_grid_square_5x5_broken_cross,
          minmay_the_grid_square_5x5_empty,
          minmay_the_grid_square_5x5_hourglass], layout_cave_pools,
          serial_column_ruins, column_ruins_open_large,
          column_ruins_columns_straight, column_ruins_open_medium,
          column_ruins_columns_corner, kennysheep_generic_room_2, uniq_azrael
Temple:   oiseaux_autumnal_temple
Orc:1:    layout_caves, serial_shops, nicolae_diamond_shop,
          nicolae_shop_advertising_works [nicolae_subvault_shop_adworks],
          uniq_sonja

Skill      XL: |  1  2  3  4  5  6  7  8  9 10 11 12 13 |
---------------+----------------------------------------+-----
Dodging        | 2 3 |  3.0
Axes           | 3 4 6 7 9 12 14 | 14.0
Stealth        | 8 9 11 12 | 12.0
Fighting       | 4 5 6 7 9 10 11 12 | 12.1
Invocations    | 2 7 8 |  8.1
Evocations     | 2 6 7 |  7.4
Shields        | |  0.8

Action                   |  1- 3 |  4- 6 |  7- 9 | 10-12 | 13-15 || total
-------------------------+-------+-------+-------+-------+-------++-------
Melee: Hand axe          |    21 |     1 |       |       |       ||    22
       Mace              |       |    29 |       |       |       ||    29
       Dagger            |       |    75 |   322 |       |       ||   397
       Punch             |       |     2 |     6 |     6 |     2 ||    16
       Short sword       |       |       |    12 |       |       ||    12
       Rapier            |       |       |    38 |       |       ||    38
       War axe           |       |       |    53 |   329 |    28 ||   410
       Constrict         |       |       |       |       |     8 ||     8
 Fire: Hunting sling     |       |       |       |    70 |       ||    70
Throw: Boomerang         |       |       |     1 |     1 |       ||     2
       Dart              |       |       |       |     5 |       ||     5
 Cast: Apportation       |       |       |       |     2 |       ||     2
Invok: Ancestor Life: Ba |       |       |       |     1 |       ||     1
       Ancestor Identity |       |       |       |     1 |       ||     1
       Recall Ancestor   |       |       |       |     1 |       ||     1
       Idealise          |       |       |       |     1 |       ||     1
 Abil: Spit Poison       |    26 |    64 |    84 |    67 |       ||   241
Evoke: Wand              |       |       |       |     4 |     3 ||     7
  Use: Scroll            |       |       |     4 |     5 |       ||     9
       Potion            |       |       |     2 |     2 |       ||     4
 Stab: Sleeping          |     1 |     4 |     7 |     5 |     1 ||    18
       Distracted        |       |       |     1 |     6 |       ||     7
       Invisible         |       |       |       |     2 |       ||     2
Armor: Scale mail        |    44 |    45 |   140 |       |       ||   229
       Plate armour      |       |       |   213 |       |       ||   213
       Ring mail         |       |       |    12 |   219 |    14 ||   245
Dodge: Dodged            |    17 |    36 |   159 |   157 |    14 ||   383
Block: Other             |       |       |    85 |    93 |     4 ||   182
       Reflection        |       |       |     2 |    12 |       ||    14
       Buckler           |       |       |       |       |     7 ||     7

Table legend: (Time is in decaauts)
 A = Elapsed time spent in this place.
 B = Non-inter-level travel time spent in this place.
 C = Inter-level travel time spent in this place.
 D = Time resting spent in this place.
 E = Time spent auto-exploring this place.
 F = Levels seen in this place.
 G = Mean time per level.
                   A        B        C        D        E       F      G
               +--------+--------+--------+--------+--------+-----+--------+
         Total |  18186 |  17367 |    819 |   3439 |   5190 |  16 | 1136.6 |
       Dungeon |  17458 |  16686 |    772 |   3439 |   4766 |  14 | 1247.0 |
        Temple |    444 |    398 |     46 |      0 |    380 |   1 |  444.0 |
  Orcish Mines |    284 |    284 |      0 |      0 |     43 |   1 |  284.0 |
               +--------+--------+--------+--------+--------+-----+--------+

Top non-repeatable levels by time:
     D:4: 2761 daAuts
     D:5: 2102 daAuts
     D:6: 1919 daAuts
    D:10: 1684 daAuts
     D:3: 1163 daAuts
    D:12: 1152 daAuts
     D:1: 1075 daAuts
     D:2: 1057 daAuts
     D:9: 1037 daAuts
     D:7: 1001 daAuts
     D:8: 885 daAuts
    D:11: 808 daAuts
    D:13: 798 daAuts
  Temple: 444 daAuts
   Orc:1: 284 daAuts
